 Dungeon Crawl Stone Soup version 0.31.0-10-gcf4a605ca0 (webtiles) character file.

Game seed: 18065271574864219073

14 Skitler the Slasher (level 2, -1/22 HPs)
             Began as a Human Gladiator on Jan 26, 2024.
             Frozen to death by an endoplasm (5 damage)
             ... on level 1 of the Dungeon.
             The game lasted 00:01:50 (1045 turns).

Skitler the Slasher (Human Gladiator)               Turns: 1045, Time: 00:01:50

Health: -1/22      AC:  5    Str: 14    XL:     2   Next: 45%
Magic:  2/2        EV: 12    Int:  8    God:
Gold:   42         SH:  0    Dex: 14    Spells: 1/1 levels left

rFire   . . .        a - +0 long sword
rCold   . . .        (no shield)
rNeg    . . .        b - +0 leather armour
rPois   .            c - +0 helmet
rElec   .            (no cloak)
rCorr   .            (no gloves)
SInv    .            f - +0 pair of boots
Will    .....        (no amulet)
Stlth   +            j - ring of flight
HPRegen 0.23/turn    (no ring)
MPRegen 0.08/turn

%: no passive effects
@: flying
A: explore regen
a: no special abilities


You were on level 1 of the Dungeon.
You visited 1 branch of the dungeon, and saw 2 of its levels.

You collected 42 gold pieces.

Inventory:

Hand Weapons
 a - a +0 long sword (weapon)
Missiles
 d - a throwing net (quivered)
 e - a javelin
Armour
 b - a +0 leather armour (worn)
 c - a +0 helmet (worn)
 f - a +0 pair of boots (worn)
Jewellery
 j - a ring of flight (left hand)
Scrolls
 g - a scroll of revelation {unknown}
 i - a scroll of amnesia {unknown}
 k - a scroll of immolation {unknown}
 m - a scroll of teleportation {unknown}
Potions
 h - a potion of curing {unknown}
 l - a potion of degeneration {unknown}
 n - a potion of heal wounds {unknown}
 o - a potion of ambrosia {unknown}
 p - 2 potions of attraction {unknown}


   Skills:
 * Level 2.3 Fighting
 * Level 3.3 Long Blades
 - Level 2.0 Throwing
 + Level 0.4 Armour
 + Level 3.1 Dodging


You had one spell level left.
You didn't know any spells.
Your spell library was empty.

Dungeon Overview and Level Annotations

Branches:
Dungeon (2/15)

Altars:


Innate Abilities, Weirdness & Mutations

You regain HP and MP as you explore.


Message History

You are frozen.
The frilled lizard misses you. The jackal misses you.
You are too injured to fight recklessly!
The endoplasm attacks as it pursues you!
The endoplasm closely misses you.
Throw: 3 throwing nets
Press: ? - help, Q - select action, (/) - cycle Shift-Dir - straight line, f - jackal
Aim: a jackal (50% to hit)
You throw a throwing net.
The throwing net barely misses the jackal.
The throwing net hits the endoplasm.
The endoplasm effortlessly oozes through the net!
The endoplasm is moderately wounded.
The jackal barely misses you. x2
You barely miss the jackal. The jackal bites you.
You hit the jackal.
The jackal is severely wounded.
The jackal closely misses you. The jackal completely misses you.
You hit the jackal.
You kill the jackal!
You completely miss the endoplasm.
The endoplasm is lightly wounded.
The endoplasm misses you.
The endoplasm hits you but does no damage.
Throw: 2 throwing nets
Press: ? - help, Q - select action, (/) - cycle Shift-Dir - straight line, f - endoplasm
Aim: an endoplasm (lightly wounded, 85% to hit, immune to nets)
You throw a throwing net. The throwing net hits the endoplasm.
The endoplasm effortlessly oozes through the net!
The endoplasm is lightly wounded.
You completely miss the endoplasm.
The endoplasm is lightly wounded.
The endoplasm freezes you.
You are frozen.
* * * LOW HITPOINT WARNING * * *
The endoplasm misses you.
You hit the endoplasm.
The endoplasm is heavily wounded.
The endoplasm freezes you.
You are frozen.
You die...

############......#
#.#......... # #......#
#.#.######## ##########
#......# #.#........#
.........# #......#
#.########.# ########.#
##.##### #..........# .#
#.# #.# ############ .##
#.# ##.## #..........
..### #.#
#...########.#########
....####.###..lJ@........#
.............†>###########
.....###...#.#.# .....#
#.....#.# .....# #...##..#
.....# #......#### ##..##
#.........#
.....#####.......#
...#..###........#


You could see an endoplasm and a frilled lizard.

Vanquished Creatures
  A bat (D:1)
  A goblin (D:1)
  2 hobgoblins (D:1)
  2 jackals (D:1)
  3 ball pythons (D:1)
  2 frilled lizards (D:1)
  A kobold (D:1)
  A rat (D:1)
13 creatures vanquished.

Notes
Turn   | Place    | Note
-------+----------+-------------------------------------------
     0 | D:1      | Skitler the Human Gladiator began the quest for the Orb.
     0 | D:1      | Reached XP level 1. HP: 16/16 MP: 1/1
   270 | D:1      | Reached XP level 2. HP: 18/22 MP: 2/2
  1045 | D:1      | Frozen to death by an endoplasm

Illustrated notes

Levels and vault maps discovered:
D:1:      psy_arrival_conway, layout_basic, minmay_pentomino_w2
D:2:      layout_rooms, basic_altar

Action                     || total
---------------------------++-------
  Melee: Long sword        ||    55
         Punch             ||     1
  Throw: Throwing net      ||     2
 Armour: Leather armour    ||    59
  Dodge: Dodged            ||    51
